 Dungeon Crawl Stone Soup version 0.27.1-35-g4d5d836560 (webtiles) character file.

Game seed: 14973908420670692690

70 pkoi the Insei (level 3, -7/29 HPs)
             Began as a Demigod Gladiator on May 18, 2022.
             Killed by nerve-wracking pain
             ... invoked by an orc priest
              (13 damage)
             ... on level 3 of the Dungeon.
             The game lasted 00:02:13 (2521 turns).

pkoi the Insei (Demigod Gladiator)                  Turns: 2521, Time: 00:02:13

Health: -7/29      AC:  9    Str: 15    XL:     3   Next: 76%
Magic:  5/5        EV: 11    Int: 14    God:
Gold:   90         SH:  0    Dex: 15    Spells: 2/2 levels left

rFire    . . .     SeeInvis .     - Unarmed
rCold    . . .     Faith    .   (no shield)
rNeg     . . .     Spirit   .   f - +3 ring mail
rPois    .         Reflect  .   b - +0 helmet
rElec    .         Harm     .   (no cloak)
rCorr    .         Rampage  .   (no gloves)
Will     .....                  (no boots)
Stlth    +.........             i - amulet of the acrobat
HPRegen  0.09/turn              (no ring)
MPRegen  0.09/turn              (no ring)

@: no status effects
A: high mp 1, forlorn
a: no special abilities


You were on level 3 of the Dungeon.
You visited 1 branch of the dungeon, and saw 3 of its levels.

You collected 90 gold pieces.

Inventory:

Hand Weapons
 d - a +0 dagger
 e - a +0 short sword
Missiles
 c - 3 throwing nets (quivered)
Armour
 a - a +0 leather armour
 b - a +0 helmet (worn)
 f - a +3 ring mail (worn)
Jewellery
 i - an amulet of the acrobat (around neck)
Wands
 m - a wand of digging (1)
Scrolls
 g - 2 scrolls of identify
 l - a scroll of acquirement
Potions
 o - a potion of haste


   Skills:
 - Level 1.7 Fighting
 - Level 1.7 Throwing
 + Level 0.5 Armour
 + Level 2.7 Dodging
 * Level 4.3 Unarmed Combat


You had 2 spell levels left.
You didn't know any spells.
Your spell library was empty.

Dungeon Overview and Level Annotations

Branches:
Dungeon (3/15)


Innate Abilities, Weirdness & Mutations

Your attributes grow dramatically as you level up.
You have an increased reservoir of magic. (+10% MP)
You shall have no god before yourself.


Message History

The orc priest shouts!
The orc shouts!
An orc comes into view. It is wielding a +0 dagger.
The orc moves out of view.
An orc and an orc wizard come into view.
Found a brown potion.
The orc wizard shouts!
The orc shouts! x2
There is an open door here.
You hit the orc priest.
The orc priest is moderately wounded.
The orc priest mumbles some strange prayers to Beogh against you.
Beogh smites you!
You are too injured to fight recklessly!
You are too injured to fight recklessly!
You are too injured to fight recklessly!
You are too injured to fight recklessly!
You are too injured to fight recklessly!
You are too injured to fight recklessly!
Unknown command.
There is an open door here.
Okay, then.
Okay, then.
Okay, then.
The orc wizard gestures wildly while chanting.
The orc wizard flickers and vanishes!
Deactivating autopickup; reactivate with Ctrl-A.
The orc priest invokes the aid of Beogh against you.
Pain shoots through your body!
* * * LOW HITPOINT WARNING * * *
You open the door.
There is an open door here.
You hit the orc priest.
The orc priest is moderately wounded.
The orc priest hits you but does no damage.
You hit the orc priest.
The orc priest is moderately wounded.
You hit the orc priest. You punch the orc priest.
The orc priest is heavily wounded.
The orc priest calls down the wrath of Beogh upon you.
Pain shoots through your body!
You die...

**,*#.......###.#****,,,,,,* #..#
,,,*#....o.o....# ***,**** #.##
**,******#.#*****##* *,* #...
**,* ##o## **.#* *,* #.## ,,,*
##...## ##,*.###.* ##.# **,*
##.....###.###...,* ##. ,*,*
##.......###.#.(##** ##
,,,**#........o###....###########
..,,,+........oo@................
..,**#.........###....###########
.#,* ##.......## #.#.## # ..,*
##.....## #.### # .#** #.†...##
#.# # .# #.##+## #.####### #
.######.##.* #.......# #
.#.......#.### #.....#.# #
...#####.....# ##.##.#.# #


You could see an orc priest and 3 orcs.

Vanquished Creatures
  2 adders
  A worm (D:2)
  4 endoplasms
  2 giant cockroaches (D:2)
  6 goblins
  3 hobgoblins (D:2)
  3 jackals (D:2)
  3 quokkas
  5 ball pythons
  6 bats
  2 frilled lizards (D:2)
  4 kobolds
  7 rats
48 creatures vanquished.

Notes
Turn   | Place    | Note
-------+----------+-------------------------------------------
     0 | D:1      | pkoi the Demigod Gladiator began the quest for the Orb.
     0 | D:1      | Reached XP level 1. HP: 17/17 MP: 3/3
   127 | D:1      | Reached skill level 3 in Unarmed Combat
   369 | D:1      | Reached XP level 2. HP: 23/24 MP: 4/4
  1155 | D:2      | Reached XP level 3. HP: 29/29 MP: 5/5
  1189 | D:2      | Reached skill level 4 in Unarmed Combat
  2207 | D:3      | Identified a scroll of acquirement
  2521 | D:3      | Killed from afar by an orc priest

Illustrated notes

Levels and vault maps discovered:
D:1:      dpeg_arrival_central, layout_basic
D:2:      layout_rooms, hellmonk_ecumenical_altar_slurped_away
D:3:      layout_loops_corners, pdpol_temple_overflow_zin_treasury_gozag_greed,
          mainiacjoe_overflow_surrounded_room, overflow_temple_1_default

Skill      XL: |  1  2  3 |
---------------+----------+-----
Unarmed Combat | 3 4 |  4.3
Fighting       | |  1.7
Throwing       | |  1.7
Armour         | |  0.5
Dodging        | |  2.7

Action                   || total
-------------------------++-------
Melee: Unarmed           ||   166
       Punch             ||     3
  Use: Scroll            ||     4
       Potion            ||     4
 Stab: Sleeping          ||     2
Armor: Leather armour    ||    14
       Ring mail         ||    52
Dodge: Dodged            ||   112
